 Dungeon Crawl Stone Soup version 0.29.0-4-gdea44cf6ec (webtiles) character file.

Game seed: 10085085872772738368

77 qw the Chopper (level 4, -5/21 (26) HPs)
             Began as a Tengu Warper on Aug 28, 2022.
             Slain by Robin
             ... wielding a +0 mace of draining
              (7 damage)
             ... on level 2 of the Dungeon.
             The game lasted 00:00:08 (1123 turns).

qw the Chopper (Tengu Warper)                       Turns: 1123, Time: 00:00:08

HP:   -5/21 (26)    AC:  8    Str: 13    XL:     4   Next: 33%
MP:   8/8           EV:  5    Int: 14    God:
Gold: 42            SH:  4    Dex: 13    Spells: 7/7 levels left

rFire   . . .      SeeInvis .   Y - +1 hand axe
rCold   . . .      Faith    .   j - +0 buckler
rNeg    . . .      Spirit   .   m - +0 chain mail
rPois   .          Reflect  .   (helmet restricted)
rElec   .          Harm     .   (no cloak)
rCorr   .          Rampage  .   (no gloves)
Will    .....                   (boots unavailable)
Stlth   ..........              e - amulet of the acrobat
HPRegen 0.07/turn               (no ring)
MPRegen 0.11/turn               (no ring)

@: heavily drained
A: beak, talons 3
a: no special abilities


You were on level 2 of the Dungeon.
You visited 1 branch of the dungeon, and saw 2 of its levels.

You collected 42 gold pieces.


Innate Abilities, Weirdness & Mutations

You have a beak for a mouth.
You have claws for feet.


   Skills:
 - Level 2.0 Fighting
 + Level 4.7 Axes
 - Level 1.0 Throwing
 - Level 1.1 Armour
 - Level 2.1 Dodging
 - Level 1.0 Shields
 - Level 2.0 Spellcasting
 - Level 2.4 Translocations


You had 7 spell levels left.
You didn't know any spells.
Your spell library contained the following spells:

 Spells                   Type           Power      Damage    Failure   Level
 Blink                    Tloc           16%        N/A       100%        2
 Gell's Gravitas          Tloc           8%         N/A       100%        3
 Lesser Beckoning         Tloc           8%         N/A       100%        3
 Teleport Other           Tloc           8%         N/A       100%        3
 Manifold Assault         Tloc           8%         N/A       100%        5

Inventory:

Hand Weapons
 d - a +0 club
 Y - a +1 hand axe (weapon)
Armour
 j - a +0 buckler (worn)
 m - a +0 chain mail (worn)
Jewellery
 e - an amulet of the acrobat (around neck)
Scrolls
 k - a scroll of identify
Potions
 g - a potion of resistance {unknown}
 h - a potion of berserk rage {unknown}
 i - a potion of flight {unknown}

Dungeon Overview and Level Annotations

Branches:
Dungeon (2/15)

Altars:

Shops:
D:1 [

Annotations:
D:2 Robin


Message History

You hit Natasha. You claw Natasha.
Natasha is severely wounded.
You hit Robin but do no damage. You hit the goblin.
The goblin hits you with a +0 club. Natasha barely misses you.
You hit Natasha. You peck Natasha.
You kill Natasha!
Natasha yowls pathetically as she dies!
The shadow imp disappears in a puff of smoke!
You miss the goblin. You closely miss Robin.
The goblin hits you with a +0 club.
Robin roars a battlecry!
The goblins go into a battle-frenzy!
You block the hobgoblin's attack. The goblin barely misses you.
You have reached level 4!
You feel clever.
You hit the goblin.
You kill the goblin!
You hit Robin but do no damage. You barely miss the hobgoblin.
Robin hits you with a +0 mace of draining.
You feel drained. The hobgoblin barely misses you.
You barely miss Robin. You claw Robin, but do no damage.
You peck Robin, but do no damage. You hit the hobgoblin.
You barely miss the worm.
Robin hits you with a +0 mace of draining.
You feel drained.
The hobgoblin hits you but does no damage.
You slash the hobgoblin!
You kill the hobgoblin!
You hit Robin. You hit the worm. The worm barely misses you.
Robin hits you but does no damage.
You feel drained.
You closely miss Robin. You claw Robin.
Robin is moderately wounded.
You barely miss the goblin. You hit the worm.
The goblin hits you but does no damage. Robin hits you but does no damage.
You feel drained. The worm bites you.
You hit Robin. Your kick misses Robin. You peck Robin.
Robin is severely wounded.
You barely miss the goblin. You hit the worm.
The goblin hits you but does no damage.
Robin hits you with a +0 mace of draining!
You die...

##.# ####### ##..##
#........# ###....#
#........###.
#...##.#####...........
#...##.##.......<....##
#...##..#.##........... #
..........##........###...
....##..........gg..).....
....###.###.....@w))......
....##......#######.......
#...#....#### .......
#####.##.# g...... .. ..
...5..# #.# .# ......#
.w..... .......


You could see a worm, Robin and a goblin (strong).

Vanquished Creatures
  Natasha (D:2)
  A gnoll (D:1)
  2 dart slugs (D:1)
  6 endoplasms (D:1)
  A giant cockroach (D:1)
  11 goblins
  2 hobgoblins (D:2)
  A quokka (D:1)
  2 ball pythons (D:1)
  3 bats
  A frilled lizard (D:1)
  4 kobolds (D:1)
  2 rats (D:1)
37 creatures vanquished.

Notes
Turn   | Place    | Note
-------+----------+-------------------------------------------
     0 | D:1      | qw the Tengu Warper began the quest for the Orb.
     0 | D:1      | Reached XP level 1. HP: 12/12 MP: 4/4
     0 | D:1      | 0 ||| qw: Version: 0.1-a-89-g26bdef1
     0 | D:1      | 0 ||| qw: Game counter: 1572
     0 | D:1      | 0 ||| qw: Always use a shield: true
     0 | D:1      | 0 ||| qw: God list: Okawaru
     0 | D:1      | 0 ||| qw: Allow faded altars: false
     0 | D:1      | 0 ||| qw: Do Orc after D:15 true
     0 | D:1      | 0 ||| qw: Do second Lair branch before Depths: true
     0 | D:1      | 0 ||| qw: Lair rune preference: random
     0 | D:1      | 0 ||| qw: Plans: Normal
     0 | D:1      | 0 ||| PLANNING D:1-11
   163 | D:1      | 163 ||| Stepping ~*~*~tactically~*~*~ (stealth).
   185 | D:1      | Reached XP level 2. HP: 14/17 MP: 6/6
   238 | D:1      | Reached skill level 3 in Axes
   550 | D:1      | Found Tesib's Antique Armour Emporium.
   558 | D:1      | 558 ||| SHOPLISTING glowing robe (107 gold, have 27).
   558 | D:1      | 558 ||| SHOPLISTING glowing scale mail (203 gold, have 27).
   558 | D:1      | 558 ||| SHOPLISTING ring mail (116 gold, have 27).
   558 | D:1      | 558 ||| SHOPLISTING runed cloak (217 gold, have 27).
   655 | D:1      | 655 ||| Stepping ~*~*~tactically~*~*~ (hiding).
   757 | D:1      | 757 ||| Stepping ~*~*~tactically~*~*~ (hiding).
   859 | D:1      | 859 ||| Stepping ~*~*~tactically~*~*~ (hiding).
   869 | D:1      | Reached XP level 3. HP: 20/21 MP: 7/7
   889 | D:1      | Reached skill level 4 in Axes
  1006 | D:1      | 1006 ||| UPGRADING to +0 buckler.
  1011 | D:1      | 1011 ||| UPGRADING to +0 chain mail.
  1021 | D:1      | 1021 ||| DROPPING +0 leather armour.
  1022 | D:1      | 1022 ||| UPGRADING to amulet of the acrobat.
  1027 | D:1      | 1027 ||| READING scroll labelled AMALUCR LEURU.
  1028 | D:1      | 1028 ||| READING 2 scrolls labelled XUASKU DOOTRIR.
  1029 | D:1      | 1029 ||| READING scroll labelled RYEJIT QEEP.
  1030 | D:1      | 1030 ||| DROPPING scroll of blinking.
  1086 | D:2      | Noticed Natasha
  1087 | D:2      | 1087 ||| Stepping ~*~*~tactically~*~*~ (stealth).
  1090 | D:2      | Noticed Robin
  1091 | D:2      | 1091 ||| Stepping ~*~*~tactically~*~*~ (stealth).
  1095 | D:2      | 1095 ||| Stepping ~*~*~tactically~*~*~ (hiding).
  1097 | D:2      | 1097 ||| Stepping ~*~*~tactically~*~*~ (hiding).
  1109 | D:2      | 1109 ||| Stepping ~*~*~tactically~*~*~ (hiding).
  1110 | D:2      | 1110 ||| Stepping ~*~*~tactically~*~*~ (hiding).
  1112 | D:2      | Reached skill level 1 in Shields
  1118 | D:2      | Killed Natasha
  1119 | D:2      | Reached XP level 4. HP: 14/26 MP: 8/8
  1120 | D:2      | HP: 5/24 [Robin/+0 mace of draining (2)]
  1122 | D:2      | HP: 2/21 [worm (3)]
  1123 | D:2      | Slain by Robin

Levels and vault maps discovered:
D:1:      mrwooster_arrival_statue_3, layout_basic, serial_shops, shop
D:2:      layout_rooms, minivault_4, minmay_heptomino_d4, uniq_jessica,
          uniq_robin, uniq_natasha, uniq_terence

Skill      XL: |  1  2  3 |
---------------+----------+-----
Axes           | 3 4 |  4.7
Shields        | 1 |  1.0
Fighting       | |  2.0
Throwing       | |  1.0
Armour         | |  1.1
Dodging        | |  2.1
Spellcasting   | |  2.0
Translocations | |  2.4

Action                   |  1- 3 |  4- 6 || total
-------------------------+-------+-------++-------
Melee: Hand axe          |    57 |     5 ||    62
       Peck              |     9 |     2 ||    11
       Kick              |    18 |     2 ||    20
Throw: Boomerang         |     7 |       ||     7
  Use: Scroll            |     3 |       ||     3
Armor: Leather armour    |     9 |       ||     9
       Chain mail        |     5 |     5 ||    10
Dodge: Dodged            |    28 |     2 ||    30
Block: Buckler           |     4 |       ||     4

Table legend:
 A = Non-vault XP
 B = Vault XP
 C = Vault XP percentage of total XP
 D = Non-vault monster count
 E = Vault monster count
 F = Vault count percentage of total count
                 A         B        C        D         E       F
            +---------+---------+-------+---------+---------+-------
      Total |      56 |      54 |  49.1 |      26 |      11 |  29.7
            +---------+---------+-------+---------+---------+-------
        D:1 |      52 |       0 |   0.0 |      24 |       0 |   0.0
        D:2 |       4 |      54 |  93.1 |       2 |      11 |  84.6
            +---------+---------+-------+---------+---------+-------
